cohdb
Replays
Latest Replays
All Replays
Popular Replays
Top Player Replays
Match Explorer
How It Works
Community
CoH3 Stats
Reddit
Sign in to upload your games and track your stats! →
Sign in with Steam
Match 41437619
Unlisted
Match 41437619
Overview
Messages
Build Orders
End
Kettenkrad Recon Vehicle
Construct Infanterie Kompanie
Selects Breakthrough Battlegroup
Selects Assault Grenadiers
Grenadier Squad
Grenadier Squad
Grenadier Squad
Construct Luftwaffe Kompanie
Jäger Squad
221 Scout Car
Jäger Squad
Medical Station
Selects 2.5-tonne Cargo Truck
Selects Blitzkrieg
Support Elements
barnabouyt
Братишка
Sarmynation
PiiXIII
0
0
Comments
sign in to comment!
No comments posted yet!